3L
NORTHERN VIRGINIA RETRIEVERS @ CAPITAL DISTRICT RED KNIGHTS
08/13/2019
 
TOP OF THE 1ST
Northern Virginia Retrievers batting - Pitching for Capital District Red Knights : RHP Francisco Barrios
Pitching: RHP Francisco Barrios
Batting: RHB Ed Anderson 0-0: Ball
1-0: Ball
2-0: Foul Ball, location: 2F
2-1: Ball
3-1: Base on Balls
Batting: LHB Ye Der 0-0: Called Strike
0-1: Foul Ball, location: 2F
0-2: SINGLE (Line Drive, 34D)
Ed Anderson to second
Runner from 2nd tries for 3rd, SAFE, throw made to third
Ye Der to second
Batting: LHB Roberto Salazar 0-0: Ball
1-0: Called Strike
1-1: Ball
2-1: Ball
3-1: Swinging Strike
3-2: Strikes out swinging
Batting: LHB John Robertson 0-0: Called Strike
0-1: Foul Ball, location: 2F
0-2: Ball
1-2: Foul Ball, location: 2F
1-2: Ground out 1-3 (Groundball, 13)
Batting: RHB Kurt Chappell 0-0: Foul Ball, location: 2F
0-1: Ground out 4-3 (Groundball, 4)
Top of the 1st over - 0 run(s), 1 hit(s), 0 error(s), 2 left on base; Northern Virginia 0 - Capital District 0
BOTTOM OF THE 1ST
Capital District Red Knights batting - Pitching for Northern Virginia Retrievers : RHP Drake Montgomery
Pitching: RHP Drake Montgomery
Batting: LHB Arturo Hernández 0-0: Ball
1-0: Called Strike
1-1: Ball
2-1: Ball
3-1: Base on Balls
Batting: LHB Barton McCann 0-0: Called Strike
0-1: Ball
1-1: Ball
2-1: Fly out, F8 (Flyball, 8RS)
Batting: RHB David Edwards 0-0: Called Strike
Arturo Hernández steals 2nd base
0-1: Ball
1-1: Ground out 6-3 (Groundball, 6)
Batting: RHB Jian-zhang Phan 0-0: Ball
1-0: Foul Ball, location: 2F
1-1: Called Strike
1-2: Ball
2-2: Ball
3-2: 2-RUN HOME RUN (Flyball, 7LD), Distance : 338 ft
Batting: RHB Kyle Myers 0-0: Ball
1-0: Ball
2-0: Ball
3-0: Called Strike
3-1: Base on Balls
Batting: RHB Guillermo Montoya 0-0: Fielders Choice at 2nd, U6 (Groundball, 6M)
Bottom of the 1st over - 2 run(s), 1 hit(s), 0 error(s), 1 left on base; Northern Virginia 0 - Capital District 2
TOP OF THE 2ND
Northern Virginia Retrievers batting - Pitching for Capital District Red Knights : RHP Francisco Barrios
Batting: LHB Vance Cannon 0-0: Called Strike
0-1: Foul Ball, location: 2F
0-2: Ball
1-2: Fly out, F8 (Flyball, 8RM)
Batting: RHB Donald Stanley 0-0: Ground out 4-3 (Groundball, 4M)
Batting: LHB Rick Watson 0-0: Called Strike
0-1: Ball
1-1: Swinging Strike
1-2: Ground out 3-1 (Groundball, 34)
Top of the 2nd over - 0 run(s), 0 hit(s), 0 error(s), 0 left on base; Northern Virginia 0 - Capital District 2
BOTTOM OF THE 2ND
Capital District Red Knights batting - Pitching for Northern Virginia Retrievers : RHP Drake Montgomery
Batting: RHB Cullen Spencer 0-0: Swinging Strike
0-1: SINGLE (Line Drive, 89M)
Batting: LHB Phil Ritchie 0-0: Foul Ball, location: 2F
0-1: Fly out, F8 (Flyball, 8RS)
Batting: RHB Francisco Barrios 0-0: Bunted foul
0-1: Ball
1-1: Ball
2-1: Sac Bunt - play at first, batter OUT! 5-4
Cullen Spencer to second
Batting: LHB Arturo Hernández 0-0: Ball
1-0: Ball
2-0: Called Strike
2-1: Fly out, F3 (Popup, 34)
Bottom of the 2nd over - 0 run(s), 1 hit(s), 0 error(s), 1 left on base; Northern Virginia 0 - Capital District 2
TOP OF THE 3RD
Northern Virginia Retrievers batting - Pitching for Capital District Red Knights : RHP Francisco Barrios
Batting: SHB Drake Montgomery 0-0: Called Strike
0-1: Ball
1-1: Called Strike
1-2: Ball
2-2: Strikes out swinging
Batting: RHB Ed Anderson 0-0: Ball
1-0: Ball
2-0: Ball
3-0: Base on Balls
Batting: LHB Ye Der 0-0: Ball
1-0: Foul Ball, location: 2F
1-1: Foul Ball, location: 2F
1-2: SINGLE (Groundball, 4MD) (infield hit)
Ed Anderson to second
Batting: LHB Roberto Salazar 0-0: Fly out, F6 (Popup, 6MS)
Batting: LHB John Robertson 0-0: Called Strike
0-1: DOUBLE (Flyball, 89D)
Ed Anderson scores
Ye Der to third
Batting: RHB Kurt Chappell 0-0: Ball
1-0: Ground out 6-3 (Groundball, 56)
Top of the 3rd over - 1 run(s), 2 hit(s), 0 error(s), 2 left on base; Northern Virginia 1 - Capital District 2
BOTTOM OF THE 3RD
Capital District Red Knights batting - Pitching for Northern Virginia Retrievers : RHP Drake Montgomery
Batting: LHB Barton McCann 0-0: Foul Ball, location: 2F
0-1: Ball
1-1: SINGLE (Line Drive, 34D)
Batting: RHB David Edwards 0-0: Ball
Barton McCann steals 2nd base
1-0: Ball
2-0: Called Strike
2-1: Ground out 6-3 (Groundball, 6MS)
Barton McCann to third
Batting: RHB Jian-zhang Phan 0-0: Foul Ball, location: 2F
0-1: Foul Ball, location: 2F
0-2: Ball
1-2: Foul Ball, location: 2F
1-2: Fly out, F9 (Flyball, 9D)
Runner from 3rd tags up, SCORES, no throw
Batting: RHB Kyle Myers 0-0: Called Strike
0-1: DOUBLE (Flyball, 89D)
Batting: RHB Guillermo Montoya 0-0: Ball
1-0: Called Strike
1-1: Called Strike
1-2: Foul Ball, location: 2F
1-2: Foul Ball, location: 2F
1-2: Ball
2-2: Foul Ball, location: 2F
2-2: Fly out, F1 (Line Drive, 15S)
Bottom of the 3rd over - 1 run(s), 2 hit(s), 0 error(s), 1 left on base; Northern Virginia 1 - Capital District 3
TOP OF THE 4TH
Northern Virginia Retrievers batting - Pitching for Capital District Red Knights : RHP Francisco Barrios
Batting: LHB Vance Cannon 0-0: Swinging Strike
0-1: Swinging Strike
0-2: Foul Ball, location: 2F
0-2: Strikes out swinging
Batting: RHB Donald Stanley 0-0: Called Strike
0-1: Fly out, F9 (Line Drive, 9S)
Batting: LHB Rick Watson 0-0: Called Strike
0-1: Ground out 3-1 (Groundball, 23)
Top of the 4th over - 0 run(s), 0 hit(s), 0 error(s), 0 left on base; Northern Virginia 1 - Capital District 3
BOTTOM OF THE 4TH
Capital District Red Knights batting - Pitching for Northern Virginia Retrievers : RHP Drake Montgomery
Batting: RHB Cullen Spencer 0-0: Called Strike
0-1: Fly out, F7 (Line Drive, 78M)
Batting: LHB Phil Ritchie 0-0: Swinging Strike
0-1: Called Strike
0-2: Ball
1-2: Ball
2-2: SINGLE (Flyball, 6MD)
Batting: RHB Francisco Barrios 0-0: Ball
1-0: Bunted foul
1-1: Bunted foul
1-2: Bunt missed, Strikeout!
Batting: LHB Arturo Hernández 0-0: SINGLE (Groundball, 4MD) (infield hit)
Phil Ritchie to second
Batting: LHB Barton McCann 0-0: Ball
1-0: SINGLE (Line Drive, 9S)
Phil Ritchie to third
Arturo Hernández to second
Batting: RHB David Edwards 0-0: Called Strike
0-1: Ball
1-1: SINGLE (Groundball, 4) (infield hit)
Phil Ritchie scores
Arturo Hernández to third
Barton McCann to second
Batting: RHB Jian-zhang Phan 0-0: GRAND SLAM HOME RUN (Flyball, 7D), Distance : 340 ft
Batting: RHB Kyle Myers 0-0: SINGLE (Line Drive, 56D)
Pitching: RHP Cam Herman
Batting: RHB Guillermo Montoya 0-0: Ball
1-0: SINGLE (Flyball, 8LS)
Kyle Myers to second
Batting: RHB Cullen Spencer 0-0: Called Strike
0-1: Ball
1-1: Ball
2-1: Ball
3-1: Ground out 5-3 (Groundball, 56S)
Bottom of the 4th over - 5 run(s), 7 hit(s), 0 error(s), 2 left on base; Northern Virginia 1 - Capital District 8
TOP OF THE 5TH
Northern Virginia Retrievers batting - Pitching for Capital District Red Knights : RHP Francisco Barrios
Batting: LHB Cam Herman 0-0: Called Strike
0-1: Swinging Strike
0-2: Strikes out swinging
Batting: RHB Ed Anderson 0-0: Ball
1-0: Ball
2-0: Foul Ball, location: 2F
2-1: Foul Ball, location: 2F
2-2: Ball
3-2: Foul Ball, location: 2F
3-2: Base on Balls
Batting: LHB Ye Der 0-0: Ball
1-0: Foul Ball, location: 2F
1-1: Called Strike
1-2: Ball
2-2: Ball
Wild Pitch!
Ed Anderson to second
3-2: Foul Ball, location: 2F
3-2: Base on Balls
Batting: LHB Roberto Salazar 0-0: Ball
1-0: Ball
2-0: Called Strike
2-1: SINGLE (Flyball, 8LS)
Ed Anderson to third
Ye Der to second
Runner from 3rd tries for Home, SAFE, throw made home
Batting: LHB John Robertson 0-0: Swinging Strike
0-1: Ball
1-1: Ground out U3 (Groundball, 3S)
Ye Der to third
Roberto Salazar to second
Batting: RHB Kurt Chappell 0-0: Called Strike
0-1: Ball
1-1: Fly out, F9 (Flyball, 9LD)
Top of the 5th over - 1 run(s), 1 hit(s), 0 error(s), 2 left on base; Northern Virginia 2 - Capital District 8
BOTTOM OF THE 5TH
Capital District Red Knights batting - Pitching for Northern Virginia Retrievers : RHP Cam Herman
Batting: LHB Phil Ritchie 0-0: Swinging Strike
0-1: Foul Ball, location: 2F
0-2: Strikes out swinging
Batting: RHB Francisco Barrios 0-0: Called Strike
0-1: Swinging Strike
0-2: Ball
1-2: Strikes out swinging
Batting: LHB Arturo Hernández 0-0: Ball
1-0: Foul Ball, location: 2F
1-1: Called Strike
1-2: Ball
2-2: Ball
3-2: TRIPLE (Groundball, 3L)
Batting: LHB Barton McCann 0-0: Ground out 4-3 (Groundball, 4)
Bottom of the 5th over - 0 run(s), 1 hit(s), 0 error(s), 1 left on base; Northern Virginia 2 - Capital District 8
TOP OF THE 6TH
Northern Virginia Retrievers batting - Pitching for Capital District Red Knights : RHP Francisco Barrios
Batting: LHB Vance Cannon 0-0: Ball
1-0: Swinging Strike
1-1: Ball
2-1: Ball
3-1: Base on Balls
Batting: RHB Donald Stanley 0-0: Called Strike
0-1: Swinging Strike
0-2: Strikes out looking
Batting: LHB Rick Watson 0-0: Ball
1-0: Ball
2-0: Ball
3-0: Base on Balls
Vance Cannon to second
Pinch Hitting: RHB Christian O'Neal 0-0: Called Strike
0-1: Ball
1-1: Fly out, F7 (Line Drive, 7M)
Batting: RHB Ed Anderson 0-0: Called Strike
0-1: Ball
1-1: Swinging Strike
1-2: Ball
2-2: Strikes out swinging
Top of the 6th over - 0 run(s), 0 hit(s), 0 error(s), 2 left on base; Northern Virginia 2 - Capital District 8
BOTTOM OF THE 6TH
Capital District Red Knights batting - Pitching for Northern Virginia Retrievers : RHP Cam Herman
Pitching: RHP Lou Hartling
Batting: RHB David Edwards 0-0: Fly out, F9 (Flyball, 89M)
Batting: RHB Jian-zhang Phan 0-0: Ball
1-0: Ball
2-0: Ball
3-0: Called Strike
3-1: Foul Ball, location: 2F
3-2: Foul Ball, location: 2F
3-2: Base on Balls
Batting: RHB Kyle Myers 0-0: Foul Ball, location: 2F
0-1: Ball
1-1: Called Strike
1-2: Foul Ball, location: 2F
1-2: Fly out, F7 (Flyball, 7S)
Batting: RHB Guillermo Montoya 0-0: Ball
1-0: Ball
Wild Pitch!
Jian-zhang Phan to second
2-0: Called Strike
2-1: Reached on error, E5 (Groundball, 5S)
Jian-zhang Phan scores
Batting: RHB Cullen Spencer 0-0: Ball
1-0: Ball
2-0: Ball
3-0: Called Strike
3-1: Foul Ball, location: 2F
3-2: Strikes out swinging
Bottom of the 6th over - 1 run(s), 0 hit(s), 1 error(s), 1 left on base; Northern Virginia 2 - Capital District 9
TOP OF THE 7TH
Northern Virginia Retrievers batting - Pitching for Capital District Red Knights : RHP Francisco Barrios
Now at C: Jesús Castro
Now at 2B: Mark Field
Now at 3B: Jorge Torrez
Batting: LHB Ye Der 0-0: Ball
1-0: Ball
2-0: Ball
3-0: Called Strike
3-1: Base on Balls
Pitching: RHP Jeff Dixon
Batting: LHB Roberto Salazar 0-0: Ball
1-0: Called Strike
1-1: Foul Ball, location: 2F
1-2: Foul Ball, location: 2F
1-2: Ball
2-2: Ball
3-2: Base on Balls
Ye Der to second
Batting: LHB John Robertson 0-0: Ball
1-0: Ball
2-0: Ball
3-0: Base on Balls
Ye Der to third
Roberto Salazar to second
Batting: RHB Kurt Chappell 0-0: Ball
1-0: Fly out, F8 (Flyball, 8RXD)
Runner from 3rd tags up, SCORES, no throw
Roberto Salazar to third
Batting: LHB Vance Cannon 0-0: Ball
1-0: Ball
2-0: Called Strike
2-1: Foul Ball, location: 2F
2-2: Fly out, F9 (Flyball, 89D)
Runner from 3rd tags up, SCORES, no throw
Batting: RHB Donald Stanley 0-0: Called Strike
0-1: Ball
1-1: Foul Ball, location: 2F
1-2: Foul Ball, location: 2F
1-2: SINGLE (Groundball, 4M)
John Robertson to second
Batting: LHB Rick Watson 0-0: Ball
1-0: Fielders Choice at 2nd, 6-4 (Groundball, 6)
Top of the 7th over - 2 run(s), 1 hit(s), 0 error(s), 1 left on base; Northern Virginia 4 - Capital District 9
BOTTOM OF THE 7TH
Capital District Red Knights batting - Pitching for Northern Virginia Retrievers : RHP Lou Hartling
Batting: LHB Phil Ritchie 0-0: Ball
1-0: Called Strike
1-1: Swinging Strike
1-2: Ball
2-2: Strikes out swinging
Pinch Hitting: RHB Billy Farley 0-0: Ball
1-0: Ball
2-0: Called Strike
2-1: Foul Ball, location: 2F
2-2: Ground out 5-3 (Groundball, 5S)
Batting: LHB Arturo Hernández 0-0: Ball
1-0: Ball
2-0: Foul Ball, location: 2F
2-1: SINGLE (Line Drive, 6D)
Batting: LHB Barton McCann 0-0: Ball
Arturo Hernández steals 2nd base
1-0: SINGLE (Line Drive, 7S)
Arturo Hernández to third
Runner from 3rd tries for Home, SAFE, no throw or cutoff
Batting: RHB Mark Field 0-0: Ball
1-0: Ball
2-0: Ball
3-0: Foul Ball, location: 2F
3-1: Foul Ball, location: 2F
3-2: Foul Ball, location: 2F
3-2: Foul Ball, location: 2F
3-2: Foul Ball, location: 2F
3-2: Foul Ball, location: 2F
3-2: SINGLE (Line Drive, 34)
Barton McCann to second
Barton McCann to third
Batting: RHB Jesús Castro 0-0: Ball
1-0: Ball
Wild Pitch!
Barton McCann scores
Mark Field to second
2-0: Ball
3-0: Called Strike
3-1: Foul Ball, location: 2F
3-2: Foul Ball, location: 2F
3-2: Base on Balls
Pitching: RHP Tom Sosa
Batting: RHB Kyle Myers 0-0: Ball
1-0: Called Strike
1-1: Ball
2-1: Swinging Strike
2-2: Ball
3-2: Foul Ball, location: 2F
3-2: Fly out, F8 (Flyball, 8LD)
Bottom of the 7th over - 2 run(s), 3 hit(s), 0 error(s), 2 left on base; Northern Virginia 4 - Capital District 11
TOP OF THE 8TH
Northern Virginia Retrievers batting - Pitching for Capital District Red Knights : RHP Jeff Dixon
Pitching: RHP Jeff Pearson
Batting: RHB Tom Sosa 0-0: Swinging Strike
0-1: DOUBLE (Line Drive, 9LS) - OUT at third base trying to stretch hit.
Batting: RHB Ed Anderson 0-0: Foul Ball, location: 2F
0-1: Ball
1-1: Foul Ball, location: 2F
1-2: Ball
2-2: Ball
3-2: Base on Balls
Batting: LHB Ye Der 0-0: Foul Ball, location: 2F
0-1: Fielders Choice at 2nd, 3-6 (Groundball, 34)
Batting: LHB Roberto Salazar 0-0: Fielders Choice at 2nd, 5-4 (Groundball, 56)
Top of the 8th over - 0 run(s), 1 hit(s), 0 error(s), 0 left on base; Northern Virginia 4 - Capital District 11
BOTTOM OF THE 8TH
Capital District Red Knights batting - Pitching for Northern Virginia Retrievers : RHP Tom Sosa
Batting: RHB Guillermo Montoya 0-0: Ground out U3 (Groundball, 3S)
Batting: RHB Jorge Torrez 0-0: Called Strike
0-1: Ball
1-1: Ball
2-1: Ball
3-1: Called Strike
3-2: Foul Ball, location: 2F
3-2: Base on Balls
Batting: LHB Phil Ritchie 0-0: Fly out, F8 (Flyball, 8RM)
Batting: RHB Jeff Pearson 0-0: Ball
1-0: Called Strike
1-1: Ball
2-1: Fielders Choice at 2nd, U4 (Groundball, 4M)
Bottom of the 8th over - 0 run(s), 0 hit(s), 0 error(s), 1 left on base; Northern Virginia 4 - Capital District 11
TOP OF THE 9TH
Northern Virginia Retrievers batting - Pitching for Capital District Red Knights : RHP Jeff Pearson
Batting: LHB John Robertson 0-0: Swinging Strike
0-1: Ball
1-1: Foul Ball, location: 2F
1-2: Ground out 6-3 (Groundball, 6)
Batting: RHB Kurt Chappell 0-0: Called Strike
0-1: Ball
1-1: Ball
2-1: Ground out 6-3 (Groundball, 56D)
Batting: LHB Vance Cannon 0-0: Ball
1-0: Called Strike
1-1: Foul Ball, location: 2F
1-2: Ball
2-2: Ball
3-2: Strikes out swinging
Top of the 9th over - 0 run(s), 0 hit(s), 0 error(s), 0 left on base; Northern Virginia 4 - Capital District 11
This league is powered by Out of the Park Baseball, the baseball management simulation game for PC, Mac and Linux
Saturday, July 25th, 2015 - OOTP Baseball 15.6 Build 34